 Dungeon Crawl Stone Soup version 0.25-a0-156-g0c4bda3fdf (webtiles) character file.

Game seed: 6996197606851228548, levelgen mode: deterministic

18 Leeroy the Slasher (level 2, -6/24 HPs)
             Began as a Draconian Skald on Nov 20, 2019.
             Mangled by a gnoll
             ... wielding a +0 whip
              (10 damage)
             ... on level 1 of the Dungeon.
             The game lasted 00:00:34 (474 turns).

Leeroy the Slasher (Draconian Skald)                 Turns: 474, Time: 00:00:34

Health: -6/24      AC:  4    Str: 13    XL:     2   Next: 48%
Magic:  5/5        EV: 12    Int: 13    God:
Gold:   53         SH:  0    Dex: 10    Spells: 4/5 levels left

rFire    . . .     SeeInvis .   a - +0 falchion
rCold    . . .     Gourm    .   (no shield)
rNeg     . . .     Faith    .   (armour unavailable)
rPois    .         Spirit   .   (helmet restricted)
rElec    .         Reflect  .   (no cloak)
rCorr    .         Harm     .   (no gloves)
MR       .....                  (no boots)
Stlth    +.........             (no amulet)
HPRegen  0.08/turn              (no ring)
MPRegen  0.09/turn              (no ring)

@: no status effects
A: unfitting armour, cold-blooded, AC +4
a: no special abilities


You were on level 1 of the Dungeon.
You were not hungry.

You visited 1 branch of the dungeon, and saw 1 of its levels.

You collected 53 gold pieces.

Inventory:

Hand Weapons
 a - a +0 falchion (weapon)
Scrolls
 b - a scroll of teleportation {unknown}
 d - a scroll of immolation {unknown}
Comestibles
 c - a ration


   Skills:
 - Level 2.1 Fighting
 + Level 3.1 Long Blades
 - Level 2.1 Dodging
 - Level 2.0 Spellcasting
 - Level 2.6 Charms


You had 4 spell levels left.
You knew the following spells:

 Your Spells              Type           Power        Failure   Level  Hunger
a - Infusion              Chrm           #...         9%          1    ##.....

Your spell library contained the following spells:

 Spells                   Type           Power        Failure   Level  Hunger
 Song of Slaying          Chrm           #.......     13%         2    ###....
 Shroud of Golubria       Chrm/Tloc      #.....       22%         2    ###....
 Regeneration             Chrm/Necr      #.........   41%         3    ####...
 Spectral Weapon          Hex/Chrm       #.......     41%         3    ####...


Dungeon Overview and Level Annotations

Branches:
Dungeon (1/15)

Altars:


Innate Abilities, Weirdness & Mutations

Your plain brown scales are hard. (AC +4)
You cannot fit into any form of body armour.
You are cold-blooded and may be slowed by cold attacks.


Message History

There are monsters nearby!
There is an open door here.
The goblin hits you but does no damage.
Found a stone staircase leading down.
You hit the goblin but do no damage. You tail-slap the goblin.
You kill the goblin!
The gnoll shouts!
Found a scroll labeled FUINULITOM, a ration and a hunting sling.
The gnoll hits you with a +0 whip.
There is a stone staircase leading down here.
You closely miss the gnoll. The gnoll hits you with a +0 whip.
You barely miss the gnoll. The gnoll barely misses you.
You barely miss the gnoll.
Your tail-slap misses the gnoll.
The gnoll closely misses you.
You hit the gnoll.
The gnoll is moderately wounded.
The gnoll hits you with a +0 whip!
* * * LOW HITPOINT WARNING * * *
The gnoll hits you with a +0 whip!
You die...

.....# .....#
...).%.?....#
.....#
............#
.....#
............#
####.#
............#
#.#
....>.......#
#.#
............#
#.#
.........g..#
#.#
#######..@#
#.#
#.....'.).+
#.#
#.#####...#
#.# #.# #...#
#.# #.# #...#
#.# #.# #####
#.# #.# #.#
#.# #.# #.#


You could see a gnoll.

Vanquished Creatures
  A leopard gecko (D:1)
  2 bats (D:1)
  A giant cockroach (D:1)
  3 goblins (D:1)
  2 hobgoblins (D:1)
  2 frilled lizards (D:1)
  3 kobolds (D:1)
  3 rats (D:1)
17 creatures vanquished.

Notes
Turn   | Place    | Note
-------+----------+-------------------------------------------
     0 | D:1      | Leeroy the Draconian Skald began the quest for the Orb.
     0 | D:1      | Reached XP level 1. HP: 17/17 MP: 3/3
   223 | D:1      | Reached XP level 2. HP: 22/24 MP: 5/5
   231 | D:1      | Reached skill level 3 in Long Blades
   474 | D:1      | Mangled by a gnoll

Levels and vault maps discovered:
D:1:      dpeg_arrival_windows_large_door, layout_basic

Skill      XL: |  1  2 |
---------------+-------+-----
Long Blades    | 3 |  3.1
Fighting       | |  2.1
Dodging        | |  2.1
Spellcasting   | |  2.0
Charms         | |  2.6

Action                   || total
-------------------------++-------
Melee: Falchion          ||    43
       Tailslap          ||     6
Armor: Skin              ||    16
Dodge: Dodged            ||    34
       Rpst.: Falchion   ||    11

Table legend:
 A = Non-vault XP
 B = Vault XP
 C = Vault XP percentage of total XP
 D = Non-vault monster count
 E = Vault monster count
 F = Vault count percentage of total count
                 A         B        C        D         E       F
            +---------+---------+-------+---------+---------+-------
      Total |      26 |       0 |   0.0 |      17 |       0 |   0.0
            +---------+---------+-------+---------+---------+-------
        D:1 |      26 |       0 |   0.0 |      17 |       0 |   0.0
            +---------+---------+-------+---------+---------+-------
